AoeStats
← Lukan

Arabia

503640656Analyzed
2v2 RM · 2mo ago on Sep 1, 2026· 60m 2s· 4 players
Game mode
Random Map
Map size
Medium (4 player)
Population
200
Speed
Normal
Resources
Standard
Victory
Conquest
Starting age
Dark Age
Ending age
Imperial Age
RankedLock teamsTeams togetherTeam positionsShared explorationLock speedFull tech treeHidden civsTurbo modeCheats
Victory
Defeat
🇲🇽 Persians · Mexico
1110
+15
🇺🇸 Italians · United States
1110
+15
vs
🇵🇪 Shu · Peru
1093
-15
🇦🇷 Khmer · Argentina
1071
-14
Marco Aurelio
6:44 Loom
10:30 Feudal Age
13:42 Double-Bit Axe
18:05 Castle Age
19:41 Husbandry
24:50 Scale Barding Armor
34:13 Bow Saw
37:37 Fervor
41:08 Gold Mining
42:13 Redemption
43:00 Sanctity
44:55 Fletching
48:28 Town Watch
48:46 Horse Collar
49:43 Heavy Plow
53:03 Wheelbarrow
54:33 Ballistics
57:52 Sanctity
61:21 Imperial Age
Lukan
6:33 Loom
6:46 Loom
9:07 Feudal Age
9:46 Double-Bit Axe
16:19 Fletching
23:13 Castle Age
21:34 Padded Archer Armor
23:21 Wheelbarrow
24:19 Thumb Ring
23:35 Crossbowman
24:12 Bodkin Arrow
24:34 Bow Saw
26:08 Stone Mining
31:57 Leather Archer Armor
34:24 Elite Skirmisher
35:48 Town Watch
37:01 Ballistics
39:51 Imperial Age
38:47 Hand Cart
40:10 Gold Mining
40:35 Horse Collar
40:45 Arbalester
41:40 Heavy Plow
42:01 Bracer
42:23 Conscription
42:51 Bolt Magazine
45:15 Gold Shaft Mining
46:19 Two-Man Saw
46:56 Chemistry
47:24 Two-Man Saw
54:39 Onager
56:27 Scale Mail Armor
58:01 Forging
59:13 Murder Holes
ecerva.27
5:31 Loom
5:41 Loom
8:45 Feudal Age
11:14 Forging
14:28 Wheelbarrow
21:25 Castle Age
20:01 Double-Bit Axe
24:47 Scale Barding Armor
30:19 Bloodlines
34:50 Light Cavalry
37:21 Bow Saw
41:58 Imperial Age
40:32 Husbandry
40:58 Horse Collar
41:45 Chain Barding Armor
43:26 Chemistry
44:19 Heavy Plow
45:21 Two-Man Saw
44:39 Hand Cart
44:10 Cavalier
46:17 Iron Casting
46:18 Plate Barding Armor
46:30 Gold Mining
48:40 Hussar
50:24 Gold Shaft Mining
51:09 Conscription
51:44 Crop Rotation
53:22 Kamandaran
54:34 Blast Furnace
53:34 Scale Mail Armor
53:57 Savar
PeneTratoR_
8:35 Loom
10:53 Feudal Age
13:21 Double-Bit Axe
15:23 Fletching
23:26 Castle Age
22:49 Wheelbarrow
21:58 Horse Collar
23:43 Crossbowman
24:19 Bodkin Arrow
24:35 Forging
24:25 Heavy Plow
24:49 Bow Saw
25:02 Padded Archer Armor
25:14 Murder Holes
25:55 Ballistics
26:00 Leather Archer Armor
33:50 Imperial Age
32:54 Squires
34:49 Scale Mail Armor
36:30 Two-Man Saw
36:48 Chain Mail Armor
36:46 Forging
37:34 Arbalester
42:24 Elite Skirmisher
45:08 Hand Cart
46:15 Ring Archer Armor
47:15 Bracer
50:51 Capped Ram
52:01 Pikeman
56:37 Plate Mail Armor
56:43 Iron Casting
55:59 Arson
Connection lost

Rejoining the realm…

Still unreachable

The connection could not be restored.

Session expired

The server has moved on; the page needs a fresh start.